Map: [TLMC15] Berlingrad

Players

Dark

  • Race: Zerg Zerg

Solar - Winner!

  • Race: Zerg Zerg

Event: DreamHack SC2 Masters Last Chance 2022

VOD

Have the link to the VOD?

Description

Time

  • Played on: Jan. 13, 2022, 9:24 a.m.
  • Length: 8:56

All games in this series

Show
View Real Time Build Order
Export as new Build Order

Dark Zerg 

Build Orders: Pool First 

Get SALT Encoding   

  12  0:17  Spawning Pool  
  11  0:22  Drone  
  11  0:26  Drone  
  13  0:30  Drone  
  14  0:40  Overlord  
  14  1:04  Zergling x4  
  14  1:06  Zergling x2  
  17  1:16  Zergling x2  
  17  1:17  Hatchery  
  17  1:26  Zergling x2  
  18  1:37  Zergling x2  
  18  1:39  Queen  
  21  1:49  Overlord  
  21  2:01  Drone  
  22  2:11  Drone  
  22  2:15  Queen  
  24  2:24  Drone  
  24  2:28  Queen  
  26  2:30  Drone  
  27  2:40  Drone x2  
  27  2:43  Drone  
  30  2:51  Drone  
  31  2:55  Queen  
  33  2:59  Drone  
  33  3:01  Drone  
  33  3:03  Drone  
  33  3:04  Overlord  
  36  3:16  Overlord  
  36  3:22  Drone  
  36  3:24  Drone x2  
  36  3:25  Drone  
  42  3:28  Drone  
  42  3:30  Drone  
  44  3:35  Drone x3  
  44  3:39  Extractor  
  44  3:40  Extractor  
  43  3:44  Evolution Chamber, Roach Warren  
  43  3:46  Drone x2  
  43  3:53  Drone x3  
  46  4:03  Drone  
  46  4:04  Drone x3  
  50  4:19  Drone x2, Overlord  
  52  4:30  Evolution Chamber  
  51  4:31  Metabolic Boost  
  51  4:37  Overlord  
  51  4:40  Zergling x16  
  51  4:41  Baneling Nest  
  58  4:47  Zergling x4  
  58  4:51  Overlord  
  59  4:58  Zerg Melee Weapons Level 1, Zergling x4  
  61  5:04  Zergling x4  
  63  5:12  Zergling x2  
  64  5:15  Zergling x2  
  64  5:16  Zergling x4  
  64  5:17  Zergling x2  
  64  5:19  Overlord  
  68  5:21  Zergling x4  
  68  5:22  Hatchery  
  68  5:25  Zergling x2  
  68  5:26  Overlord  
  70  5:28  Zerg Ground Armor Level 1  
  70  5:37  Overlord  
  70  5:38  Zergling x2  
  69  5:54  Zergling x12  
  73  5:57  Hatchery  
  73  6:03  Baneling  
  72  6:05  Baneling  
  72  6:06  Baneling x6  
  72  6:08  Zergling x6  
  72  6:11  Zergling x2  
  75  6:13  Baneling x2  
  75  6:14  Baneling  
  76  6:18  Zergling x2  
  76  6:23  Zergling x2  
  75  6:30  Roach x2  
  75  6:31  Roach x2  
  72  6:36  Drone x2  
  72  6:37  Extractor  
  72  6:39  Roach  
  75  6:41  Overlord  
  75  6:45  Overlord  
  75  6:46  Drone x3  
  78  6:53  Roach  
  80  6:56  Roach x3  
  80  6:57  Drone x2  
  88  7:04  Overlord  
  88  7:08  Zergling x2  
  88  7:09  Zergling x8  
  93  7:16  Zergling x8  
  93  7:18  Zergling x2  
  93  7:22  Zergling x4  
  100  7:28  Overlord  
  100  7:29  Overlord  
  100  7:30  Zergling x4  
  100  7:33  Ravager x4  
  100  7:35  Zergling x2  
  107  7:38  Zergling x4  
  107  7:41  Zergling x4  
  107  7:43  Ravager, Zergling x2  
  112  7:47  Zergling x6  
  115  7:55  Zergling x6  
  115  7:56  Ravager  
  119  7:59  Zergling x8  
  123  8:11  Ravager  
  124  8:13  Zergling x12  
  124  8:19  Zergling x14  
  101  8:35  Zergling x14  
Show
View Real Time Build Order
Export as new Build Order

Solar Zerg - Winner!

Build Orders: Hatch First 

Get SALT Encoding   

  12  0:00  Drone  
  13  0:12  Overlord  
  13  0:16  Drone  
  14  0:30  Drone x2  
  16  0:46  Hatchery  
  15  0:51  Drone  
  15  0:54  Drone  
  15  0:57  Drone  
  18  1:03  Extractor  
  17  1:13  Spawning Pool  
  17  1:15  Drone  
  17  1:18  Drone  
  18  1:28  Drone  
  19  2:00  Zergling x6  
  22  2:02  Zergling x2, Queen x2  
  27  2:10  Zergling x2  
  27  2:25  Zergling x2  
  27  2:30  Overlord, Drone  
  27  2:48  Overlord  
  27  2:49  Drone x3  
  32  3:00  Overlord  
  32  3:02  Drone  
  31  3:09  Drone, Metabolic Boost  
  32  3:13  Drone x3  
  32  3:16  Overlord  
  35  3:29  Drone  
  35  3:34  Drone  
  37  3:36  Drone x2  
  37  3:38  Hatchery  
  38  3:44  Drone x2  
  38  3:45  Drone x2  
  38  3:48  Drone  
  43  3:53  Drone  
  43  3:54  Evolution Chamber  
  43  3:55  Drone  
  43  3:58  Zergling x2  
  43  3:59  Zergling x2  
  43  4:01  Zergling x2  
  46  4:09  Overlord, Roach Warren  
  45  4:16  Drone  
  46  4:17  Extractor, Drone x2  
  46  4:18  Drone, Extractor  
  46  4:19  Drone  
  46  4:23  Zergling x2  
  49  4:26  Zergling x2  
  49  4:29  Drone  
  51  4:36  Zerg Ground Armor Level 1  
  51  4:39  Drone x2  
  51  4:41  Drone  
  51  4:44  Queen  
  56  4:47  Overlord  
  56  4:50  Drone  
  57  4:54  Roach x3  
  63  5:01  Overlord  
  63  5:03  Lair  
  63  5:04  Zergling x2  
  64  5:08  Roach  
  64  5:09  Roach  
  64  5:10  Drone  
  64  5:11  Drone  
  70  5:15  Roach  
  70  5:18  Overlord  
  70  5:21  Roach  
  74  5:27  Drone  
  77  5:28  Roach x3  
  77  5:32  Overlord  
  77  5:35  Overlord  
  81  5:37  Roach x2  
  81  5:40  Roach  
  87  5:43  Overlord  
  86  5:51  Zergling x6  
  86  5:54  Roach x3  
  94  6:00  Zergling x6  
  94  6:02  Roach  
  94  6:03  Roach x2  
  103  6:05  Glial Reconstitution  
  103  6:10  Roach x2  
  107  6:13  Extractor, Drone x2  
  107  6:16  Roach  
  110  6:22  Roach x2  
  110  6:25  Overlord  
  113  6:32  Roach x4  
  111  6:35  Overlord  
  111  6:38  Overseer  
  111  6:45  Zergling x10  
  116  6:50  Zergling x6, Baneling Nest  
  116  6:53  Zerg Missile Weapons Level 1  
  118  6:54  Zergling x2  
  118  6:57  Zergling x4  
  118  7:00  Roach  
  123  7:05  Roach x2  
  123  7:07  Roach  
  128  7:09  Drone  
  128  7:11  Overlord  
  128  7:14  Overlord  
  129  7:19  Overlord  
  129  7:22  Overlord  
  129  7:24  Overseer  
  129  7:25  Overlord  
  129  7:27  Drone  
  130  7:31  Roach x2  
  130  7:33  Baneling x4  
  130  7:34  Baneling  
  134  7:40  Roach x3  
  139  7:46  Roach x2  
  139  7:48  Baneling x5  
  139  7:51  Roach  
  145  7:53  Roach  
  146  7:59  Roach x3  
  146  8:03  Baneling x2  
  146  8:05  Overlord x2  
  152  8:09  Roach  
  156  8:13  Roach x2  
  156  8:17  Roach x2  
  162  8:25  Roach x4  
  168  8:33  Roach x2  
  168  8:34  Roach x2  
  170  8:36  Roach  

Tags
 
Add a new tag
Caveats
  • Supply blocks, unpowered buildings, or Contaminate may cause inaccurate times.
  • Supply counts are checked every 10 seconds.